 Dungeon Crawl Stone Soup version 0.29-a0-870-g2c972031a6 (webtiles) character file.

Game seed: 5161661397111134704

53 porpoise the Magician (level 4, -5/34 HPs)
             Began as a Djinni Necromancer on July 18, 2022.
             Slain by Crazy Yiuf
             ... wielding a +2 quarterstaff of chaos
              (6 damage)
             ... on level 2 of the Dungeon.
             The game lasted 00:08:21 (2608 turns).

porpoise the Magician (Djinni Necromancer)          Turns: 2608, Time: 00:08:22

Health: -5/34      AC:  4    Str:  6 (9)  XL:     4   Next: 11%
Gold:   186        EV: 12    Int: 15 (16) God:
                   SH:  0    Dex: 12 (14)

rFire   + + .      SeeInvis .   a - +0 short sword
rCold   x . .      Faith    .   (no shield)
rNeg    . . .      Spirit   .   d - +0 robe
rPois   ∞          Reflect  .   l - +1 helmet
rElec   .          Harm     .   (no cloak)
rCorr   .          Rampage  .   (no gloves)
Will    .....                   (boots unavailable)
Stlth   ++........              (no amulet)
HPRegen 0.11/turn               (no ring)
MPRegen 0.00/turn               (no ring)

@: flying
A: sickness immunity, fire resistance 2, cold vulnerability 1, float, innate
caster, HP casting, extra vitality 1, MP-powered wands
a: no special abilities


You were on level 2 of the Dungeon.
You visited 1 branch of the dungeon, and saw 2 of its levels.

You collected 186 gold pieces.

Inventory:

Hand Weapons
 a - a +0 short sword (weapon)
 b - a +0 sling
Missiles
 c - 8 poisoned darts
Armour
 d - a +0 robe (worn)
 l - a +1 helmet (worn)
Scrolls
 f - a scroll of blinking {unknown}
 h - a scroll of enchant weapon {unknown}
 i - a scroll of silence {unknown}
 m - 2 scrolls of teleportation {unknown}
 n - a scroll of poison {unknown}
 o - a scroll of identify {unknown}


   Skills:
 * Level 2.7 Fighting
 - Level 2.1 Dodging
 - Level 1.5 Stealth
 + Level 3.6 Spellcasting


You couldn't memorise any spells.
You knew the following spells:

 Your Spells              Type           Power      Damage    Failure   Level
a - Necrotise             Necr           52%        1d6       4%          1
c - Animate Dead          Necr           13%        N/A       38%         4
d - Vampiric Draining     Necr           13%        2d6       13%         3
f - Foxfire               Conj/Fire      52%        2x1d6     4%          1
g - Agony                 Necr           13%        N/A       75%         5
Your spell library was empty.

Dungeon Overview and Level Annotations

Branches:
Dungeon (2/15)

Altars:

Shops:
D:2 [

Annotations:
D:2 Crazy Yiuf


Innate Abilities, Weirdness & Mutations

You are immune to sickness and miasma.
You are immune to poison.
Your flesh is very heat resistant. (rF++)
You are vulnerable to cold. (rC-)
You float through the air rather than walking.
You learn spells naturally, not from books.
Your magical power is your life essence.
You have superior vitality. (+4 MHP)
You expend health (3 HP) to strengthen your wands.


Message History

Crazy Yiuf says, "Shower!"
Crazy Yiuf barely misses you.
You hit Crazy Yiuf but do no damage.
Crazy Yiuf is moderately wounded.
Crazy Yiuf hits you with a +2 quarterstaff of chaos!
You hit Crazy Yiuf.
Crazy Yiuf is moderately wounded.
Crazy Yiuf hits you with a +2 quarterstaff of chaos!
* * * LOW HITPOINT WARNING * * *
Casting: Necrotise (safe; 4% risk of failure)
Confirm with . or Enter, or press ? or * to list all spells.
The spell is quite dangerous to miscast (13% risk of failure)!
Continue anyway?
Aiming: Vampiric Draining (quite dangerous; 13% risk of failure)
Press: ? - help, Shift-Dir - straight line, f - Crazy Yiuf
Aim: Crazy Yiuf, wielding a +2 quarterstaff of chaos and wearing a +0 cloak (moderately wounded)
You draw life force from Crazy Yiuf!
You feel life coursing into your body.
Crazy Yiuf hits you with a +2 quarterstaff of chaos!
* * * LOW HITPOINT WARNING * * *
Crazy Yiuf freezes you.
* * * LOW HITPOINT WARNING * * *
Unknown command.
Casting: Vampiric Draining (quite dangerous; 13% risk of failure)
Confirm with . or Enter, or press ? or * to list all spells.
Aiming: Necrotise (safe; 4% risk of failure)
Press: ? - help, Shift-Dir - straight line, f/p - Crazy Yiuf
Aim: Crazy Yiuf, wielding a +2 quarterstaff of chaos and wearing a +0 cloak (almost dead, chance to affect: 76%) Crazy Yiuf barely resists.
* * * LOW HITPOINT WARNING * * *
Crazy Yiuf barely misses you.
Casting: Necrotise (safe; 4% risk of failure)
Confirm with . or Enter, or press ? or * to list all spells.
You don't have enough health to cast this spell.
You aren't carrying any potions.
You hit Crazy Yiuf but do no damage.
Crazy Yiuf is almost dead.
Crazy Yiuf barely misses you.
You barely miss Crazy Yiuf.
Crazy Yiuf is almost dead.
Crazy Yiuf hits you with a +2 quarterstaff of chaos.
You die...

............#
..........###
..........#
########.## #..#
#.## ♣♣♣♣♣### #.#
### ♣♣♣.♣..+.##
#.#
#...#♣..♣......##
#.#
#...g@♣♣♣♣......#
#######.##
#)..#♣♣ ♣♣.+...#
.........# ###
♣♣###.#
#........# #..#
.........# #.##
.........#######
#.#
.......<.......#
##.#
...............#
#..#
...............#
##.##


You could see Crazy Yiuf.

Vanquished Creatures
  An adder (D:2)
  4 dart slugs
  5 endoplasms
  2 giant cockroaches (D:1)
  4 hobgoblins
  5 kobolds
  A quokka (D:2)
  3 ball pythons
  2 bats
  A frilled lizard (D:1)
  4 goblins (D:1)
  3 rats
35 creatures vanquished.

Vanquished Creatures (others)
  8 foxfires (D:2)
8 creatures vanquished.

Grand Total: 43 creatures vanquished

Notes
Turn   | Place    | Note
-------+----------+-------------------------------------------
     0 | D:1      | porpoise the Djinni Necromancer began the quest for the
                  | Orb.
     0 | D:1      | porpoise set off with the following spells memorised:
                  | Necrotise, Vampiric Draining, Animate Dead, Agony.
     0 | D:1      | Reached XP level 1. HP: 15/15 MP: 0/0
   347 | D:1      | Reached skill level 1 in Fighting
   347 | D:1      | Reached XP level 2. HP: 22/22 MP: 0/0
   962 | D:1      | Reached XP level 3. HP: 28/28 MP: 0/0
   962 | D:1      | Learned a level 1 spell: Foxfire
  1789 | D:2      | Found Pas Ceiz's Armour Emporium.
  1815 | D:2      | Found a faded altar of an unknown god.
  2142 | D:2      | Reached XP level 4. HP: 32/34 MP: 0/0
  2451 | D:2      | Found a runed translucent door.
  2452 | D:2      | Noticed Crazy Yiuf
  2597 | D:2      | Gained mutation: You expend health (3 HP) to strengthen
                  | your wands. [potion of mutation]
  2608 | D:2      | Slain by Crazy Yiuf

Illustrated notes

Levels and vault maps discovered:
D:1:      scummos_arrival_gate, layout_basic
D:2:      layout_rooms, serial_shops, shop, ebering_ecumenical_altar_petrified,
          serial_corexii_hall, chequers_hall_statues_corner_a,
          corexii_hall_statues_i, minmay_tetromino_i4, uniq_crazy_yiuf_cottage

Skill      XL: |  1  2  3 |
---------------+----------+-----
Fighting       | 1 2 |  2.7
Dodging        | |  2.1
Stealth        | |  1.5
Spellcasting   | |  3.6

Action                   |  1- 3 |  4- 6 || total
-------------------------+-------+-------++-------
Melee: Short sword       |    69 |     6 ||    75
 Fire: Sling             |    16 |    17 ||    33
 Cast: Necrotise         |    16 |     1 ||    17
       Foxfire           |     5 |       ||     5
       Vampiric Draining |       |     1 ||     1
  Use: Potion            |       |     4 ||     4
 Stab: Sleeping          |     3 |       ||     3
Armor: Robe              |    20 |       ||    20
Dodge: Dodged            |    45 |     8 ||    53

Table legend: (Time is in decaauts)
 A = Elapsed time spent in this place.
 B = Non-inter-level travel time spent in this place.
 C = Inter-level travel time spent in this place.
 D = Time resting spent in this place.
 E = Time spent auto-exploring this place.
 F = Levels seen in this place.
 G = Mean time per level.
                   A        B        C        D        E       F      G
               +--------+--------+--------+--------+--------+-----+--------+
         Total |   2617 |   2540 |     77 |    637 |   1573 |   2 | 1308.5 |
       Dungeon |   2617 |   2540 |     77 |    637 |   1573 |   2 | 1308.5 |
               +--------+--------+--------+--------+--------+-----+--------+

Top non-repeatable levels by time:
     D:1: 1760 daAuts
     D:2: 857 daAuts
